Map: Ice and Chrome LE

Players

Ziggy

  • Race: Terran Terran
  • League: Grandmaster
  • Spawn Location: 7:00

HeroMarine - Winner!

  • Race: Terran Terran
  • League: Master
  • Spawn Location: 1:00

Event: DreamHack SC2 Masters 2020 Summer Europe

VOD

Have the link to the VOD?

Description

Time

  • Played on: July 4, 2020, 10:20 a.m.
  • Length: 16:26

All games in this series

Show
View Real Time Build Order
Export as new Build Order

Ziggy Terran 

Build Orders:  

Get SALT Encoding   

  12  0:00  SCV  
  13  0:12  SCV  
  14  0:17  Supply Depot  
  14  0:25  SCV  
  15  0:38  SCV  
  15  0:39  Barracks  
  16  0:43  Refinery  
  16  0:50  SCV  
  17  0:58  Barracks  
  17  1:02  SCV  
  18  1:15  SCV  
  19  1:26  Reaper  
  19  1:27  Orbital Command  
  19  1:31  Supply Depot  
  20  1:45  Reaper  
  21  1:52  SCV  
  22  2:03  Reaper  
  23  2:08  Command Center  
  23  2:12  SCV  
  24  2:16  Refinery  
  24  2:20  Reaper  
  25  2:24  SCV  
  26  2:37  SCV  
  27  2:39  Reaper  
  28  2:49  SCV  
  29  2:53  Command Center  
  29  3:01  SCV  
  30  3:08  Barracks Tech Lab  
  30  3:12  Barracks Reactor, Factory  
  30  3:13  SCV  
  31  3:20  Orbital Command  
  31  3:22  Refinery  
  31  3:25  SCV  
  32  3:30  Marine  
  32  3:33  Stimpack  
  33  3:37  SCV  
  34  3:46  SCV  
  34  3:48  Marine x2  
  35  3:49  SCV, Marine  
  39  3:55  Factory Tech Lab  
  39  3:58  SCV  
  39  4:01  Starport  
  40  4:04  SCV  
  40  4:08  Marine x2  
  43  4:11  Marine  
  44  4:19  Cyclone  
  44  4:22  SCV  
  49  4:24  SCV  
  49  4:30  Orbital Command  
  49  4:35  SCV  
  49  4:36  SCV  
  49  4:38  Starport Reactor  
  51  4:47  SCV, Supply Depot  
  51  4:48  SCV  
  51  4:50  Marine  
  51  4:51  Marine  
  55  4:57  SCV  
  55  4:59  SCV  
  57  5:05  SCV  
  57  5:09  Engineering Bay  
  57  5:11  Marine x3  
  59  5:16  Medivac  
  59  5:20  Medivac  
  64  5:21  SCV x2  
  64  5:27  SCV, Supply Depot  
  66  5:35  Missile Turret  
  66  5:37  Missile Turret  
  66  5:39  Siege Tank  
  66  5:51  SCV  
  66  5:52  Marine x3  
  66  5:53  Medivac x2  
  66  5:54  Terran Infantry Weapons Level 1  
  73  5:59  SCV  
  73  6:01  Supply Depot  
  73  6:02  Combat Shield  
  75  6:05  Orbital Command  
  75  6:08  SCV  
  75  6:10  Supply Depot  
  75  6:13  SCV, Barracks  
  75  6:17  Marine  
  77  6:22  SCV, Marine x2  
  77  6:23  Siege Tank  
  84  6:25  SCV  
  81  6:35  SCV x2, Marine  
  81  6:37  SCV  
  84  6:40  Marine  
  84  6:45  Barracks  
  84  6:46  Barracks  
  85  6:47  SCV x2, Medivac  
  85  6:48  Medivac  
  85  6:49  SCV  
  85  6:52  Supply Depot  
  92  6:54  Supply Depot  
  92  6:59  SCV  
  93  7:01  Barracks Reactor  
  93  7:05  Supply Depot  
  93  7:10  Refinery  
  93  7:11  Refinery  
  93  7:13  SCV x3, Marine x2, Siege Tank  
  93  7:15  Marine  
  92  7:25  SCV  
  92  7:27  SCV  
  92  7:28  SCV  
  91  7:30  Sensor Tower  
  91  7:31  Marine x2  
  91  7:33  Marine  
  91  7:36  Barracks Reactor x2, Supply Depot  
  94  7:37  SCV  
  94  7:39  Missile Turret x2, Barracks  
  94  7:40  SCV x2, Barracks  
  94  7:42  Marine x2  
  94  7:43  Refinery  
  99  7:47  Siege Tank  
  99  7:49  Marine x2  
  99  7:50  SCV  
  99  7:51  Marine, Factory  
  105  7:52  SCV  
  105  7:54  Terran Infantry Armor Level 1  
  105  7:57  Supply Depot x3  
  107  7:59  SCV, Marine x2  
  107  8:02  SCV  
  107  8:04  SCV  
  112  8:06  Marine x2  
  112  8:09  Marine  
  112  8:11  SCV  
  116  8:16  SCV  
  116  8:17  SCV, Marine x3  
  116  8:18  Marine x3  
  116  8:19  Siege Tank  
  127  8:23  SCV  
  127  8:24  Marine x2  
  127  8:25  Viking x2  
  134  8:27  Barracks Reactor x2  
  134  8:29  SCV  
  135  8:34  Armory  
  135  8:36  Marine x2  
  135  8:38  Engineering Bay  
  135  8:40  Factory Tech Lab  
  137  8:41  Missile Turret  
  137  8:45  Marine x4  
  137  8:46  Marine x3  
  136  8:58  Marine x2  
  136  8:59  Siege Tank x2  
  142  9:03  Marine x5  
  142  9:06  Marine x2  
  142  9:09  Marine  
  149  9:13  Marine  
  149  9:19  Supply Depot  
  149  9:20  Marine x4  
  149  9:21  Supply Depot, Marine x2  
  155  9:27  Marine x2  
  155  9:29  Terran Infantry Weapons Level 2  
  157  9:40  Marine x5, Siege Tank  
  157  9:42  Marine x3, Siege Tank  
  171  9:51  Command Center  
  171  9:52  Terran Infantry Armor Level 2  
  171  10:00  Marine x2  
  173  10:08  Marine x2  
  173  10:09  Marine  
  173  10:12  Marine x2  
  173  10:13  Marine x3  
  155  10:14  Siege Tank  
  155  10:16  Liberator x2  
  155  10:17  Marine x3  
  155  10:20  Marine x2  
  169  10:26  Marine x2  
  169  10:27  Marine  
  172  10:29  Marine  
  172  10:34  Supply Depot  
  172  10:35  Supply Depot  
  173  10:55  Marine x5, Siege Tank  
  173  10:56  Marine x5, Siege Tank  
  189  10:58  Terran Vehicle Weapons Level 1  
  189  11:02  Marine x3  
  192  11:08  Planetary Fortress  
  189  11:13  Marine x3  
  185  11:20  Marine x4  
  185  11:22  Marine x2  
  185  11:23  Marine x4, Sensor Tower  
  165  11:28  Siege Tank x2  
  165  11:31  Marine x3  
  169  11:38  Marine x4  
  170  11:40  Marine x3  
  170  11:41  Marine x3  
  170  11:46  Viking x2  
  177  11:49  Marine  
  177  11:53  Marine x2, Starport  
  180  11:55  Marine  
  180  11:56  Marine x2  
  180  11:58  Terran Infantry Weapons Level 3  
  180  12:00  Siege Tank x2  
  186  12:06  Marine x4  
  190  12:10  Terran Infantry Armor Level 3  
  190  12:19  Marine x7  
  197  12:29  Viking  
  199  12:30  Starport Reactor  
  199  12:38  Marine  
  199  12:42  Sensor Tower  
  199  12:43  Command Center  
  200  12:48  Marine x6  
  200  12:51  Siege Tank x2  
  165  12:53  Viking  
  165  12:54  Marine x4  
  170  12:59  Viking  
  147  13:06  Medivac x2  
  147  13:07  Marine x2  
  147  13:10  Marine  
  147  13:11  Marine x6  
  147  13:12  Marine  
  147  13:16  Marine x3  
  150  13:23  Medivac  
  150  13:25  Marine x2  
  154  13:28  Marine x3  
  154  13:29  Marine  
  154  13:31  Marine x2  
  154  13:32  Marine  
  161  13:35  Viking  
  161  13:36  Viking  
  161  13:37  Marine x4  
  161  13:40  Medivac  
  171  13:43  Marine x2  
  171  13:44  Siege Tank  
  176  13:53  Medivac, Marine  
  176  13:54  Marine x4  
  176  13:55  Siege Tank  
  186  14:00  Planetary Fortress  
  186  14:02  Marine x4  
  188  14:15  Marine x2  
  150  14:21  Siege Tank  
  150  14:22  Viking x3  
  152  14:25  Marine x2  
  152  14:27  Siege Tank  
  152  14:28  Marine x3  
  152  14:31  Marine x2  
  162  14:39  Marine x2  
  162  14:40  Marine x2  
  161  14:46  Marine x3  
  161  14:48  Marine x5  
  161  14:49  Marine  
  147  14:55  Orbital Command  
  147  14:57  Marine x3  
  147  14:58  Marine  
  144  15:03  Marine  
  144  15:04  Marine  
  143  15:10  Liberator x2  
  143  15:11  Marine x5  
  143  15:14  Marine x2  
  152  15:17  Marine x3  
  153  15:28  Marine x2  
  153  15:34  Marine x2  
  148  15:38  Marine x5  
  152  15:43  Marine x3  
  152  15:46  Marine x3  
  139  15:52  Marine x2  
  139  15:56  Marine x5  
  122  16:01  Marine x3  
  128  16:04  Marine x3  
Show
View Real Time Build Order
Export as new Build Order

HeroMarine Terran - Winner!

Build Orders:  

Get SALT Encoding   

  12  0:00  SCV  
  13  0:13  SCV  
  14  0:17  Supply Depot  
  14  0:25  SCV  
  14  0:28  Refinery  
  15  0:39  SCV  
  16  0:43  Barracks  
  16  0:51  SCV  
  17  0:59  Refinery  
  17  1:03  SCV  
  18  1:15  SCV  
  19  1:30  Reaper, Orbital Command  
  20  1:36  Factory  
  20  1:46  Supply Depot  
  20  1:55  SCV  
  21  2:03  Reaper  
  21  2:07  SCV  
  23  2:19  SCV  
  23  2:20  Hellion  
  26  2:31  SCV  
  26  2:35  Reaper, Command Center  
  28  2:41  Hellion  
  30  2:44  SCV  
  30  2:50  Starport  
  31  2:56  Supply Depot  
  31  3:03  Factory Tech Lab  
  31  3:05  SCV  
  31  3:08  Barracks Tech Lab  
  31  3:17  SCV  
  32  3:21  Cyclone  
  35  3:30  SCV  
  35  3:34  Refinery  
  34  3:38  Banshee  
  37  3:41  Barracks Reactor  
  37  3:42  SCV  
  37  3:47  Orbital Command  
  38  3:54  SCV  
  39  3:58  Cyclone  
  42  4:06  SCV  
  43  4:13  SCV  
  44  4:18  SCV, Marine  
  44  4:19  Marine  
  44  4:23  Raven  
  49  4:26  SCV, Supply Depot  
  49  4:30  SCV  
  51  4:38  SCV  
  52  4:39  Command Center  
  52  4:43  Supply Depot  
  52  4:47  SCV, Siege Tank  
  52  4:50  SCV  
  52  4:52  Marine  
  58  4:57  Marine  
  58  4:59  SCV  
  58  5:02  SCV  
  59  5:11  SCV  
  60  5:14  SCV  
  60  5:15  Barracks  
  60  5:19  Siege Tank  
  64  5:22  Starport Reactor  
  64  5:23  Barracks  
  64  5:24  SCV, Stimpack  
  64  5:26  SCV  
  66  5:31  Supply Depot, Marine  
  67  5:36  SCV  
  67  5:38  SCV  
  69  5:48  SCV  
  64  5:51  SCV, Marine  
  64  5:52  Siege Tank  
  64  5:53  Orbital Command  
  63  5:57  Engineering Bay x2  
  63  6:00  SCV, Refinery  
  63  6:03  SCV  
  65  6:06  Starport Reactor  
  65  6:09  Marine x3  
  65  6:10  Marine x2  
  70  6:12  SCV  
  71  6:24  Siege Tank  
  71  6:25  Terran Infantry Weapons Level 1, Terran Infantry Armor Level 1  
  74  6:27  Marine x2  
  74  6:28  Barracks  
  74  6:31  Barracks  
  74  6:32  SCV x2  
  78  6:34  Marine x3  
  78  6:37  Orbital Command  
  81  6:43  Medivac  
  81  6:44  SCV x2  
  81  6:45  Marine x2  
  87  6:47  Supply Depot  
  87  6:49  Medivac  
  87  6:51  Marine x2  
  87  6:52  Supply Depot  
  91  6:56  SCV x2  
  93  7:01  Supply Depot  
  93  7:08  SCV x2, Marine x2, Siege Tank  
  93  7:10  SCV, Missile Turret  
  93  7:13  Marine, Sensor Tower  
  93  7:14  Combat Shield  
  102  7:20  Marine x2  
  102  7:21  SCV x2  
  102  7:22  SCV  
  102  7:26  Marine  
  95  7:30  Barracks Reactor x2  
  95  7:32  Refinery  
  95  7:33  SCV x2, Refinery  
  95  7:34  SCV  
  95  7:35  Armory  
  95  7:36  Marine x2  
  100  7:40  Supply Depot  
  100  7:41  Supply Depot  
  100  7:42  Marine  
  101  7:45  SCV x2  
  101  7:47  SCV, Marine  
  101  7:48  Marine  
  106  7:54  Marine  
  106  7:56  Missile Turret  
  107  8:03  SCV, Marine x2  
  110  8:06  Siege Tank  
  110  8:07  Medivac x2  
  110  8:10  Marine  
  110  8:11  Supply Depot, Marine x2, Factory  
  110  8:12  Supply Depot, Marine  
  121  8:13  Marine  
  121  8:15  Marine x2  
  124  8:21  Marine  
  124  8:23  Terran Infantry Armor Level 2, Terran Infantry Weapons Level 2  
  125  8:28  Supply Depot  
  125  8:29  Supply Depot, Marine  
  125  8:30  Marine x2  
  126  8:40  Marine  
  127  8:43  Command Center  
  127  8:44  Barracks Reactor, Siege Tank  
  130  8:51  Terran Vehicle Weapons Level 1  
  130  8:52  Marine x7  
  129  8:58  Marine  
  129  9:00  Medivac x2  
  134  9:08  Siege Tank  
  137  9:10  Marine x7  
  137  9:16  Marine, Siege Tank  
  146  9:17  SCV  
  146  9:18  SCV x2  
  149  9:25  Marine x2  
  149  9:27  Marine  
  149  9:28  Marine x4  
  149  9:30  Barracks  
  149  9:31  Barracks x2  
  156  9:34  Marine  
  156  9:35  Marine  
  158  9:39  Marine  
  158  9:40  Viking x2  
  158  9:43  Marine  
  164  9:48  Supply Depot  
  164  9:49  Supply Depot  
  164  9:51  Siege Tank  
  167  9:58  SCV x2  
  167  9:59  SCV  
  168  10:02  Siege Tank  
  171  10:09  Marine x2  
  171  10:10  Viking x2, Marine x2  
  167  10:18  Marine  
  167  10:19  Marine  
  167  10:21  Planetary Fortress  
  163  10:22  Marine x4  
  163  10:23  Siege Tank  
  163  10:27  Marine x2  
  172  10:34  Siege Tank  
  175  10:36  SCV x3  
  175  10:40  Viking  
  180  10:49  Marine x4  
  184  10:52  Marine x2  
  184  10:54  Marine x2  
  184  10:55  Barracks Reactor x3, Siege Tank  
  184  10:56  Marine x2  
  193  10:57  Sensor Tower  
  193  11:01  Viking  
  195  11:07  Marine x4  
  197  11:11  Marine  
  197  11:12  Marine x2  
  197  11:13  Terran Infantry Weapons Level 3, Terran Infantry Armor Level 3  
  194  11:21  Terran Vehicle Weapons Level 2  
  194  11:23  Marine x2  
  183  11:29  Marine x4  
  183  11:35  Marine x2  
  183  11:36  Marine x3  
  180  11:40  SCV x2  
  180  11:41  SCV  
  180  11:42  SCV  
  180  11:44  Marine  
  180  11:46  Marine  
  181  11:47  Marine x3  
  186  11:54  Siege Tank x2  
  186  11:55  Marine x2  
  186  11:56  Marine  
  186  11:57  Marine x3  
  186  11:58  Marine  
  186  11:59  Marine  
  186  12:01  Marine x2  
  200  12:25  Refinery x2  
  200  12:27  Command Center  
  200  12:38  Command Center x2  
  194  12:46  Marine x3  
  194  12:48  Marine  
  194  12:49  Marine  
  194  12:51  Marine x2  
  164  12:52  Viking x2, Siege Tank x2  
  164  12:53  Marine  
  164  12:55  Marine x4  
  181  13:02  Marine x2  
  181  13:04  Marine x2  
  182  13:06  Marine x2  
  182  13:07  Marine x2  
  182  13:08  Marine  
  182  13:09  Marine  
  185  13:13  Marine x3  
  188  13:21  Marine  
  188  13:22  Marine  
  188  13:24  Siege Tank x2  
  193  13:31  Starport  
  193  13:32  Starport  
  193  13:41  Orbital Command  
  193  13:47  Command Center  
  189  14:03  Siege Tank x2  
  189  14:04  Marine x4  
  189  14:06  Marine  
  200  14:11  Marine x2  
  200  14:12  Marine  
  174  14:18  Marine  
  174  14:20  Marine x7  
  182  14:25  Starport Tech Lab  
  182  14:26  Starport Tech Lab  
  182  14:27  Medivac x2, Marine x3  
  182  14:29  Marine  
  182  14:30  Marine  
  191  14:36  Marine x2  
  193  14:42  Siege Tank x2  
  199  14:45  Marine x2  
  199  14:52  Marine x2  
  170  14:56  Raven, Marine x2  
  170  14:57  Raven, Corvid Reactor  
  170  14:59  Orbital Command  
  160  15:01  Orbital Command, Marine  
  160  15:02  Marine x2  
  160  15:04  Marine  
  160  15:05  Marine  
  162  15:09  Medivac  
  162  15:10  Medivac  
  162  15:12  Marine x2  
  161  15:15  Marine x2  
  161  15:17  Marine  
  164  15:21  Marine x3  
  164  15:22  Marine  
  164  15:26  Planetary Fortress  
  166  15:32  Marine  
  150  15:38  Marine x2  
  150  15:39  Raven x2, Marine x5  
  159  15:47  Siege Tank  
  150  15:51  Marine x2  
  150  15:53  Siege Tank  
  150  15:54  Marine x2  
  150  15:56  Marine x2  
  154  16:00  Marine x2  
  156  16:05  Marine  
  156  16:06  Marine x3  
  156  16:08  Starport  
Tags
 
Add a new tag
Caveats
  • Supply blocks, unpowered buildings, or Contaminate may cause inaccurate times.
  • Supply counts are checked every 10 seconds.